Map: Congelamento ER

Players

Stalker

  • Race: Protoss Protoss
  • League: Diamond

Franco - Winner!

  • Race: Protoss Protoss
  • League: Master

VOD

Have the link to the VOD?

Description

Time

  • Played on: Sept. 16, 2016, 7:19 p.m.
  • Length: 12:25
Show
View Real Time Build Order
Export as new Build Order

Stalker Protoss 

Build Orders:  

Get SALT Encoding   

  12  0:01  Probe (Chrono Boost)  
  13  0:11  Probe (Chrono Boost)  
  14  0:19  Pylon  
  14  0:23  Probe (Chrono Boost)  
  15  0:37  Probe (Chrono Boost)  
  15  0:38  Gateway  
  16  0:44  Assimilator  
  16  0:49  Probe (Chrono Boost)  
  17  0:54  Assimilator  
  17  1:00  Probe (Chrono Boost)  
  18  1:10  Probe (Chrono Boost)  
  19  1:14  Gateway  
  19  1:21  Probe (Chrono Boost)  
  20  1:28  Cybernetics Core  
  21  1:33  Probe (Chrono Boost)  
  21  1:39  Pylon  
  21  1:45  Probe (Chrono Boost)  
  22  1:55  Probe (Chrono Boost)  
  22  1:56  Warp Gate  
  23  2:04  Stalker x2  
  27  2:13  Probe (Chrono Boost)  
  28  2:22  Pylon  
  28  2:25  Probe (Chrono Boost)  
  29  2:35  Robotics Facility  
  30  2:46  Mothership Core (Chrono Boost)  
  30  2:49  Stalker  
  32  2:56  Adept  
  35  3:05  Probe (Chrono Boost)  
  35  3:06  Pylon  
  33  3:27  Immortal  
  37  3:48  Gateway  
  37  3:53  Probe (Chrono Boost)  
  38  3:59  Stalker  
  40  4:04  Sentry  
  40  4:09  Immortal  
  46  4:34  Pylon  
  46  4:43  Probe (Chrono Boost)  
  46  4:58  Pylon  
  46  5:08  Pylon  
  44  5:15  Sentry x2  
  46  5:26  Pylon  
  46  5:27  Mothership Core (Chrono Boost)  
  48  5:28  Pylon  
  38  5:43  Stalker x2  
  38  5:52  Stalker  
  40  6:03  Pylon  
  40  6:09  Immortal  
  44  6:20  Sentry  
  44  6:23  Adept  
  43  6:35  Zealot  
  45  6:45  Adept x2  
  49  6:48  Observer  
  49  6:50  Probe (Chrono Boost)  
  51  7:02  Sentry  
  53  7:09  Zealot x2  
  53  7:56  Nexus  
  53  7:59  Sentry  
  53  8:00  Adept  
  53  8:05  Probe (Chrono Boost)  
  58  8:13  Stalker  
  60  8:25  Probe (Chrono Boost)  
  61  8:30  Sentry  
  63  8:37  Probe (Chrono Boost)  
  64  8:42  Stalker  
  64  8:44  Stalker  
  69  8:57  Probe (Chrono Boost)  
  69  8:58  Stalker  
  71  9:06  Gateway  
  71  9:14  Probe x2 (Chrono Boost)  
  73  9:31  Stalker  
  73  9:32  Stalker  
  73  9:33  Probe (Chrono Boost)  
  73  9:35  Probe (Chrono Boost)  
  79  9:39  Observer  
  79  9:44  Probe (Chrono Boost)  
  81  9:46  Probe (Chrono Boost)  
  81  9:49  Stalker  
  84  9:55  Probe (Chrono Boost)  
  77  10:16  Stalker x3  
  66  10:41  Stalker x3  
  59  10:43  Probe (Chrono Boost)  
  59  10:44  Probe (Chrono Boost)  
  61  10:50  Pylon  
  47  11:10  Stalker x2  
  37  11:11  Sentry  
  37  11:15  Stalker  
  35  11:36  Stalker x3  
  37  11:54  Adept  
  25  12:02  Adept x3  
Show
View Real Time Build Order
Export as new Build Order

Franco Protoss - Winner!

Build Orders:  

Get SALT Encoding   

  12  0:00  Probe (Chrono Boost)  
  13  0:11  Probe (Chrono Boost)  
  14  0:18  Pylon  
  14  0:22  Probe (Chrono Boost)  
  15  0:36  Gateway, Probe (Chrono Boost)  
  15  0:42  Assimilator  
  16  0:46  Probe (Chrono Boost)  
  18  0:57  Probe (Chrono Boost)  
  18  1:02  Assimilator  
  18  1:06  Gateway  
  18  1:07  Probe (Chrono Boost)  
  19  1:18  Probe (Chrono Boost)  
  20  1:25  Cybernetics Core  
  20  1:28  Probe (Chrono Boost)  
  21  1:39  Probe (Chrono Boost), Pylon  
  22  1:50  Probe (Chrono Boost)  
  23  1:55  Warp Gate  
  23  2:02  Adept x2  
  23  2:07  Robotics Facility  
  27  2:29  Adept x2  
  31  2:42  Pylon  
  31  2:46  Pylon  
  31  3:00  Immortal  
  31  3:04  Stalker  
  37  3:06  Sentry  
  35  3:30  Gateway  
  35  3:32  Stalker  
  35  3:33  Stalker  
  39  3:46  Immortal  
  43  4:07  Pylon  
  43  4:10  Stalker  
  43  4:11  Stalker  
  43  4:49  Zealot x2  
  43  4:50  Warp Prism  
  45  5:22  Sentry x3  
  45  5:26  Nexus  
  45  5:28  Pylon  
  51  5:32  Probe (Chrono Boost)  
  42  5:45  Probe (Chrono Boost)  
  37  5:53  Stalker x3  
  41  6:01  Probe (Chrono Boost)  
  43  6:11  Probe (Chrono Boost)  
  43  6:17  Zealot x2  
  43  6:18  Zealot  
  49  6:22  Probe (Chrono Boost)  
  50  6:32  Probe (Chrono Boost)  
  47  6:38  Probe (Chrono Boost)  
  48  6:43  Probe (Chrono Boost)  
  49  6:47  Adept  
  49  6:48  Adept x2  
  49  6:49  Probe (Chrono Boost)  
  49  6:53  Probe (Chrono Boost)  
  57  7:10  Probe x2 (Chrono Boost)  
  57  7:11  Stalker  
  57  7:12  Stalker  
  57  7:15  Stargate  
  63  7:21  Probe x2 (Chrono Boost)  
  65  7:38  Adept  
  67  7:45  Probe x2 (Chrono Boost)  
  67  7:46  Stalker x2  
  73  7:52  Stargate  
  73  7:53  Stargate  
  73  7:55  Pylon  
  73  7:56  Probe x2 (Chrono Boost), Assimilator  
  75  7:59  Assimilator  
  75  8:11  Oracle  
  75  8:18  Probe (Chrono Boost)  
  80  8:20  Probe (Chrono Boost)  
  80  8:26  Protoss Air Weapons Level 1  
  80  8:40  Void Ray  
  80  8:41  Nexus  
  80  8:42  Pylon  
  80  8:45  Pylon  
  84  8:59  Pylon  
  84  9:02  Pylon  
  84  9:03  Void Ray  
  84  9:07  Pylon  
  88  9:23  Mothership Core (Chrono Boost), Void Ray  
  94  9:30  Void Ray  
  98  9:46  Void Ray  
  98  9:48  Zealot x2  
  98  9:49  Zealot  
  98  9:51  Pylon  
  108  9:55  Pylon  
  108  9:57  Pylon  
  100  10:11  Void Ray  
  102  10:20  Zealot x2  
  102  10:21  Zealot  
  98  10:32  Probe x2 (Chrono Boost)  
  97  10:44  Probe (Chrono Boost)  
  92  11:06  Void Ray  
  92  11:07  Zealot  
  92  11:08  Zealot x2  
  92  11:11  Void Ray  
  92  11:12  Void Ray  
  100  11:37  Zealot x3  
  106  11:44  Gateway  
  106  11:46  Gateway  
  102  11:55  Nexus  
  102  11:56  Pylon  
  102  12:14  Zealot  
  102  12:15  Zealot x2  
Tags
 
Add a new tag
Caveats
  • Supply blocks, unpowered buildings, or Contaminate may cause inaccurate times.
  • Supply counts are checked every 10 seconds.